 Dungeon Crawl Stone Soup version 0.18.1-6-gd335043 (webtiles) character file.

1162 mopl the Spear-Bearer (level 8, -6/56 HPs)
             Began as a Merfolk Skald on May 19, 2016.
             Was a Follower of Yredelemnul.
             Killed from afar by Yehuk's ghost (38 damage)
             ... with a fireball
             ... on level 7 of the Dungeon.
             The game lasted 00:18:07 (6339 turns).

mopl the Spear-Bearer (Merfolk Skald)               Turns: 6339, Time: 00:18:08

Health: -6/56      AC:  4    Str: 12    XL:     8   Next: 40%
Magic:  2/11       EV: 11    Int: 11    God:    Yredelemnul [*.....]
Gold:   304        SH:  0    Dex: 16    Spells: 3 memorised, 5 levels left

rFire  . . .     SeeInvis .     a - +0 trident
rCold  . . .     Gourm    +     M - +0 leather armour
rNeg   . . .     Faith    .     (no shield)
rPois  .         Spirit   .     g - +0 helmet
rElec  .         Dismiss  .     (no cloak)
rCorr  .         Reflect  .     (no gloves)
SustAt .         Harm     .     (no boots)
MR     .....                    r - amulet of the gourmand
Stlth  +.........               (no ring)
                                (no ring)

@: infused (expiring), not resistant to hostile enchantments, very unstealthy
A: change form in water, swift swim
a: Animate Remains, Renounce Religion


You were on level 7 of the Dungeon.
You worshipped Yredelemnul.
Yredelemnul was aware of your devotion.
You were very full.

You visited 2 branches of the dungeon, and saw 8 of its levels.

You collected 304 gold pieces.

Inventory:

Hand Weapons
 a - a +0 trident (weapon)
 b - a +0 blowgun
 f - a +1 dagger of freezing
 C - the +11 war axe of the Pill Bug {venom, rElec Int+8, unknown}
   (You found it on level 5 of the Dungeon)

   It poisons the flesh of those it strikes.
   It affects your intelligence (+8).
   It insulates you from electricity.
 H - a +0 spear
Missiles
 m - 10 javelins (quivered)
 B - 4 curare-tipped needles
 E - 42 poisoned needles
 K - a throwing net
Armour
 g - a +0 helmet (worn)
 M - a +0 leather armour (worn)
 O - the cursed +1 scale mail of Vanity {rElec rF+ Str+3, unknown}
   (You found it on level 7 of the Dungeon)

   It affects your strength (+3).
   It protects you from fire.
   It insulates you from electricity.
   It has a curse placed upon it.
Magical Staves
 s - an uncursed staff of poison {!a}
 N - an uncursed staff of earth
Jewellery
 r - an amulet of the gourmand (around neck)
Wands
 j - a wand of flame (15/48)
Scrolls
 i - a scroll of enchant weapon {unknown}
 q - a scroll of fear {unknown}
 v - a scroll of fog
 w - a scroll of blinking {unknown}
 y - 5 scrolls of remove curse
 F - a scroll of recharging {unknown}
 G - 2 scrolls of magic mapping
 I - a scroll of acquirement {unknown}
 J - a scroll of teleportation
Potions
 e - a potion of curing
 k - a potion of lignification {!q}
 n - 2 potions of ambrosia
 o - 3 potions of agility {unknown}
 t - 2 potions of flight {unknown}
 u - 2 potions of brilliance {unknown}
 z - a potion of resistance {unknown}
 A - a potion of degeneration {unknown}
 L - a potion of mutation {unknown}
Books
 c - a book of Battle

   Spells                             Type                      Level
   a - Infusion                       Charms                       1
   b - Shroud of Golubria             Charms/Translocation         2
   c - Song of Slaying                Charms                       2
   d - Spectral Weapon                Hexes/Charms                 3
   e - Regeneration                   Charms/Necromancy            3
Comestibles
 d - 3 bread rations
 h - 2 beef jerkies
 l - 3 fruits
 p - a royal jelly
 x - 2 meat rations
 D - a slice of pizza


   Skills:
 - Level 2.1 Fighting
 * Level 11.6 Polearms
 - Level 0.6 Armour
 - Level 1.3 Dodging
 - Level 2.0 Spellcasting
 + Level 4.6 Charms
 + Level 2.4 Necromancy
 - Level 2.0 Translocations


You had 5 spell levels left.
You knew the following spells:

 Your Spells              Type           Power        Failure   Level  Hunger
a - Infusion              Chrm           ##..         8%          1    ##.....
f - Shroud of Golubria    Chrm/Tloc      #.........   17%         2    ###....
r - Regeneration          Chrm/Necr      #.........   28%         3    ####...


Dungeon Overview and Level Annotations

Branches:
Dungeon (7/15)             Temple (1/1) D:5

Altars:
Dithmenos
Fedhas
Gozag
Makhleb
Pakellas
Qazlal
Ru
Trog
Xom
Yredelemnul
Zin

Annotations:
D:3 Blork the orc
D:4 bb, exclusion: ogre
D:6 beast
D:7 Yehuk's ghost, novice DEFE


Message History

The orc is heavily wounded.
Your shroud bends the orc's attack away.
You hit the orc.
The orc is almost dead.
Your shroud bends the orc's attack away.
You hit the orc.
You kill the orc!
Yredelemnul accepts your kill.
Yehuk's ghost (novice Deep Elf Fire Elementalist) comes into view.
It is wielding a vorpal weapon.
Your shroud begins to fray at the edges.
Your magical infusion is running out.
Yehuk's ghost turns its malevolent gaze towards you.
Yehuk's ghost hits you. Yehuk's ghost hits you!
Your shroud falls apart!
Yehuk's ghost points at you and mumbles some strange words.
The fireball explodes!
The fireball engulfs you!
Ouch! That really hurt!
You die...
Your body rises from the dead as a mindless zombie.

#)# .# # #.# .###.# .
#g####.).... ..
#O......... ....
##.#....#
....###g#..###
.......Wg..#
.........[.#
....#..@###########
.......#..........#
......#...........#
.....#.<..........#
......<...........#
..................##.#
...................^.#
...............#####.#
)..............#


You could see an ogre, Yehuk's ghost and 3 gnolls.

Vanquished Creatures
  2 ogres
  A centaur (D:7)
  A big kobold (D:6)
  A giant frog (D:5)
  A scorpion (D:6)
  A crimson imp (D:6)
  A centaur zombie (D:6)
  A jelly (D:5)
  3 giant frog skeletons
  2 hounds
  A gnoll shaman (D:5)
  2 iguanas
  3 orc wizards (D:6)
  5 worker ants
  A killer bee zombie (D:6)
  Robin (D:3)
  2 gnolls
  4 adders
  An ooze (D:2)
  2 adder skeletons
  2 worms
  A dart slug (D:1)
  4 giant geckos
  8 orcs
  2 giant cockroaches (D:5)
  14 goblins
  13 hobgoblins
  6 jackals
  9 kobolds
  2 quokkas
  3 ball pythons
  7 bats
  5 giant newts
  A jackal skeleton (D:5)
  A quokka skeleton (D:4)
  3 rats
117 creatures vanquished.

Notes
Turn   | Place    | Note
--------------------------------------------------------------
     0 | D:1      | mopl the Merfolk Skald began the quest for the Orb.
     0 | D:1      | Reached XP level 1. HP: 16/16 MP: 3/3
   229 | D:1      | Reached skill level 4 in Polearms
   229 | D:1      | Reached XP level 2. HP: 22/22 MP: 5/5
   233 | D:1      | Learned a level 2 spell: Shroud of Golubria
  1186 | D:2      | Reached skill level 5 in Polearms
  1186 | D:2      | Reached XP level 3. HP: 22/27 MP: 6/6
  1191 | D:2      | Learned a level 3 spell: Regeneration
  1421 | D:2      | Found a sacrificial altar of Ru.
  1674 | D:2      | Reached skill level 6 in Polearms
  1775 | D:2      | Reached XP level 4. HP: 33/33 MP: 7/7
  2060 | D:3      | Noticed Robin
  2368 | D:3      | Killed Robin
  2599 | D:3      | Reached skill level 7 in Polearms
  2684 | D:3      | Noticed Blork the orc
  2863 | D:4      | Reached XP level 5. HP: 29/38 MP: 1/8
  3277 | D:4      | Found a glowing silver altar of Zin.
  3347 | D:4      | Reached skill level 8 in Polearms
  3384 | D:4      | Noticed an ogre
  3550 | D:4      | Reached skill level 9 in Polearms
  3550 | D:4      | Reached XP level 6. HP: 44/44 MP: 1/9
  3587 | D:5      | Entered Level 5 of the Dungeon
  3616 | D:5      | Found a blossoming altar of Fedhas.
  3914 | D:6      | Found a shadowy altar of Dithmenos.
  3915 | D:6      | Found an opulent altar of Gozag.
  4008 | D:5      | Found a staircase to the Ecumenical Temple.
  4015 | Temple   | Entered the Ecumenical Temple
  4028 | Temple   | Became a worshipper of Yredelemnul the Dark
  4466 | D:5      | Got a translucent war axe
  4678 | D:5      | Reached skill level 10 in Polearms
  4975 | D:5      | Reached XP level 7. HP: 42/50 MP: 3/10
  5066 | D:5      | Reached skill level 1 in Necromancy
  5151 | D:6      | Reached skill level 1 in Translocations
  5748 | D:6      | Reached skill level 4 in Charms
  5841 | D:6      | Reached skill level 11 in Polearms
  5964 | D:6      | Reached XP level 8. HP: 56/56 MP: 5/11
  5992 | D:6      | Reached skill level 2 in Translocations
  6097 | D:6      | Reached skill level 2 in Necromancy
  6255 | D:7      | Reached * piety under Yredelemnul
  6317 | D:7      | Got a faintly glowing scale mail
  6335 | D:7      | Noticed Yehuk's ghost (novice DEFE)
  6339 | D:7      | Killed from afar by Yehuk's ghost

Skill      XL: |  1  2  3  4  5  6  7  8 |
---------------+-------------------------+-----
Polearms       | 4 5 6 7 9 10 11 | 11.6
Necromancy     | 1 2 |  2.4
Translocations | 1 2 |  2.0
Charms         | 4 |  4.6
Fighting       | |  2.1
Armour         | |  0.6
Dodging        | |  1.3
Spellcasting   | |  2.0

Action                   |  1- 3 |  4- 6 |  7- 9 || total
-------------------------+-------+-------+-------++-------
Melee: Spear             |   142 |   316 |    40 ||   498
       Trident           |       |       |    85 ||    85
Throw: Javelin           |       |       |     1 ||     1
 Cast: Infusion          |     3 |    17 |    16 ||    36
       Shroud of Golubri |     1 |    12 |     9 ||    22
       Regeneration      |       |       |     3 ||     3
Evoke: Wand              |       |     5 |       ||     5
  Use: Scroll            |     5 |     5 |     2 ||    12
       Potion            |       |     7 |       ||     7
 Stab: Sleeping          |       |     3 |     1 ||     4
  Eat: Chunk             |    12 |    13 |     5 ||    30
Armor: Leather armour    |    19 |    44 |    18 ||    81
Dodge: Dodged            |    52 |   113 |    50 ||   215
